 Dungeon Crawl Stone Soup version 0.25-a0-366-g516bc45 (webtiles) character file.

Game seed: 18414873710787567438, levelgen mode: deterministic

929 silenth the Cleaver (level 8, -6/71 HPs)
             Began as a Hill Orc Fighter on Jan 6, 2020.
             Mangled by an ice beast (14 damage)
             ... on level 5 of the Dungeon.
             The game lasted 00:04:49 (3012 turns).

silenth the Cleaver (Hill Orc Fighter)              Turns: 3012, Time: 00:04:50

Health: -6/71      AC: 18    Str: 21    XL:     8   Next: 11%
Magic:  9/9        EV:  4    Int:  8    God:
Gold:   298        SH:  9    Dex: 10    Spells: 7/7 levels left

rFire    . . .     SeeInvis .   a - +2 war axe (elec)
rCold    . . .     Gourm    .   c - +0 shield
rNeg     . . .     Faith    .   m - +0 plate armour
rPois    .         Spirit   .   l - +2 helmet
rElec    .         Reflect  .   (no cloak)
rCorr    .         Harm     .   z - +2 pair of gloves
MR       .....                  (no boots)
Stlth    ..........             (no amulet)
HPRegen  0.21/turn              (no ring)
MPRegen  0.11/turn              (no ring)

@: no status effects
A: no striking features
a: no special abilities


You were on level 5 of the Dungeon.
You were not hungry.

You visited 1 branch of the dungeon, and saw 5 of its levels.

You collected 298 gold pieces.

Inventory:

Hand Weapons
 a - a +2 war axe of electrocution (weapon)
 q - a +0 war axe
 t - a +3 morningstar
Armour
 b - a +0 scale mail
 c - a +0 shield (worn)
 l - a +2 helmet (worn)
 m - a +0 plate armour (worn)
 z - a +2 pair of gloves (worn)
Wands
 h - a wand of flame (21)
Scrolls
 j - a scroll of random uselessness
 o - a scroll of magic mapping {unknown}
 r - 3 scrolls of remove curse
 u - a scroll of enchant weapon {unknown}
 v - a scroll of noise {unknown}
 w - a scroll of amnesia {unknown}
 y - a scroll of teleportation
Potions
 d - 2 potions of might
 f - 4 potions of curing
 g - a potion of mutation
 n - 3 potions of heal wounds
 p - a potion of haste
 s - 3 potions of lignification
 x - a potion of berserk rage
 A - a potion of magic
Comestibles
 e - 9 rations


   Skills:
 + Level 6.6 Fighting
 * Level 8.9 Axes
 - Level 4.0 Armour
 - Level 2.0 Dodging
 - Level 3.2 Shields
 - Level 2.0 Evocations


You had 7 spell levels left.
You didn't know any spells.
Your spell library was empty.

Dungeon Overview and Level Annotations

Branches:
Dungeon (5/15)
 Temple: D:4-7

Altars:
Qazlal
Trog


Message History

The ice beast hits you but does no damage.
You closely miss the ice beast.
The ice beast is heavily wounded.
The ice beast hits you. The ice beast freezes you!
You block the ice beast's attack.
You hit the ice beast.
The ice beast is heavily wounded.
The ice beast hits you.
* * * LOW HITPOINT WARNING * * *
The ice beast freezes you!
* * * LOW HITPOINT WARNING * * *
You hit the ice beast.
The ice beast is heavily wounded.
The ice beast hits you but does no damage.
You slash the ice beast!
The ice beast is severely wounded.
The ice beast hits you.
* * * LOW HITPOINT WARNING * * *
The ice beast freezes you!
You die...

.........###.##.#
.##......# #.##.#
#......# #....#
#......######.#
#......##...☼.#
..#........☼..#
#####.☼§§☼○...#
+..§..°.§.#
.###..§§@○§§.#
.......§Y§○..#
...#...w○☼)..# .
#....)§.§.#
...........$#
)............#
........######
........#
........#


You could see an ice beast and a worm.

Vanquished Creatures
  Grinder (D:5)
  An ogre (D:5)
  A scorpion (D:4)
  A howler monkey (D:4)
  A bullfrog zombie (D:5)
  3 orc priests (D:5)
  3 orc wizards
  A hound (D:3)
  An iguana (D:4)
  Ijyb (D:5)
  Terence (D:3)
  2 worker ants (D:4)
  A hound zombie (D:5)
  6 adders
  4 worms
  2 dart slugs
  9 leopard geckos
  19 orcs
  5 giant cockroaches
  11 goblins
  9 hobgoblins
  3 jackals (D:5)
  3 ball pythons
  7 bats
  4 frilled lizards
  12 kobolds
  A leopard gecko zombie (D:5)
  10 rats
123 creatures vanquished.

Notes
Turn   | Place    | Note
-------+----------+-------------------------------------------
     0 | D:1      | silenth the Hill Orc Fighter began the quest for the Orb.
     0 | D:1      | Reached XP level 1. HP: 19/19 MP: 1/1
    35 | D:1      | Reached skill level 3 in Axes
    78 | D:1      | Reached XP level 2. HP: 26/27 MP: 2/2
   331 | D:1      | Reached skill level 4 in Fighting
   669 | D:2      | Reached XP level 3. HP: 26/33 MP: 3/3
   674 | D:2      | Reached skill level 4 in Axes
   721 | D:2      | Found a bloodstained altar of Trog.
  1010 | D:2      | Reached XP level 4. HP: 37/40 MP: 4/4
  1638 | D:3      | Reached skill level 5 in Axes
  1638 | D:3      | Reached skill level 1 in Dodging
  1638 | D:3      | Reached XP level 5. HP: 45/47 MP: 5/5
  1765 | D:3      | Noticed Terence
  1773 | D:3      | Killed Terence
  1824 | D:3      | Reached skill level 4 in Armour
  2255 | D:4      | Reached XP level 6. HP: 55/55 MP: 6/6
  2263 | D:4      | Reached skill level 5 in Fighting
  2263 | D:4      | Reached skill level 6 in Axes
  2324 | D:4      | Reached skill level 2 in Dodging
  2654 | D:5      | Entered Level 5 of the Dungeon
  2662 | D:5      | Reached XP level 7. HP: 52/61 MP: 7/7
  2663 | D:5      | Reached skill level 7 in Axes
  2707 | D:5      | Reached skill level 1 in Evocations
  2715 | D:5      | Noticed Grinder
  2727 | D:5      | Paralysed by Grinder for 6 turns
  2738 | D:5      | Killed Grinder
  2738 | D:5      | Reached skill level 6 in Fighting
  2805 | D:5      | Found a stormy altar of Qazlal.
  2850 | D:5      | Reached skill level 2 in Evocations
  2853 | D:5      | Reached skill level 8 in Axes
  2984 | D:5      | Noticed Ijyb
  2997 | D:5      | Reached XP level 8. HP: 57/71 MP: 9/9
  3004 | D:5      | Killed Ijyb
  3012 | D:5      | Mangled by an ice beast

Levels and vault maps discovered:
D:1:      minmay_arrival_jagged, layout_loops_cross
D:2:      layout_basic, old_standard_altar, first_ration, minmay_quantized
D:3:      layout_basic, hangedman_feature_mirror, uniq_terence
D:4:      layout_rooms, chequers_serial_rivers_small_b, grunt_ministairs_6
D:5:      layout_basic, grunt_qazlal_sundering, minmay_temple_entry_mist,
          nicolae_dithmenos_shadow_blocks, uniq_grinder, uniq_ijyb

Skill      XL: |  1  2  3  4  5  6  7 |
---------------+----------------------+-----
Axes           | 3 4 5 6 8 |  8.9
Fighting       | 4 5 6 |  6.6
Dodging        | 1 2 |  2.0
Armour         | 4 |  4.0
Evocations     | 2 |  2.0
Shields        | |  3.2

Action                   |  1- 3 |  4- 6 |  7- 9 || total
-------------------------+-------+-------+-------++-------
Melee: War axe           |    90 |   143 |    74 ||   307
  Use: Scroll            |       |     9 |     4 ||    13
  Eat: Chunk             |       |     5 |     2 ||     7
Armor: Scale mail        |    10 |       |       ||    10
       Plate armour      |    51 |    98 |    38 ||   187
Dodge: Dodged            |    18 |    25 |    15 ||    58
Block: Shield            |    46 |    75 |    31 ||   152

Table legend:
 A = Non-vault XP
 B = Vault XP
 C = Vault XP percentage of total XP
 D = Non-vault monster count
 E = Vault monster count
 F = Vault count percentage of total count
                 A         B        C        D         E       F
            +---------+---------+-------+---------+---------+-------
      Total |     943 |     385 |  29.0 |     108 |      15 |  12.2
            +---------+---------+-------+---------+---------+-------
        D:1 |      27 |       0 |   0.0 |      16 |       0 |   0.0
        D:2 |      44 |      22 |  33.3 |      18 |       4 |  18.2
        D:3 |     117 |      47 |  28.7 |      33 |       7 |  17.5
        D:4 |     311 |       3 |   1.0 |      16 |       2 |  11.1
        D:5 |     444 |     313 |  41.3 |      25 |       2 |   7.4
            +---------+---------+-------+---------+---------+-------
